 Dungeon Crawl Stone Soup version 0.30.1-9-gdf580d7c3d (webtiles) character file.

Game seed: 14611741405532453502

301 bearlyready the Cudgeller (level 6, -15/76 HPs)
             Began as a Gnoll Reaver on Oct 14, 2023.
             Engulfed by a cloud of flame (22 damage)
             ... on level 4 of the Dungeon.
             The game lasted 00:04:18 (1781 turns).

bearlyready the Cudgeller (Gnoll Reaver)            Turns: 1781, Time: 00:04:19

Health: -15/76     AC: 23    Str: 16    XL:     6   Next: 37%
Magic:  0/14       EV:  2    Int: 11    God:
Gold:   112        SH:  3    Dex:  9    Spells: 12/15 levels left

rFire   . . .        a - +0 mace
rCold   . . .        r - +0 buckler {rPois}
rNeg    . . .        b - melded +0 leather armour
rPois   +            (helmet currently unavailable)
rElec   .            (cloak currently unavailable)
rCorr   .            i - melded +1 pair of gloves
SInv    .            (boots currently unavailable)
Will    .....        f - amulet of guardian spirit
Stlth   ++           (no ring)
HPRegen 0.32/turn    (no ring)
MPRegen 0.14/turn

%: guardian spirit
@: tree-form, unable to read
A: stationary, stasis, torment immunity, boosted hp, (fangs 1), strong nose,
distributed training, (iridescent scales 1), dopey 1, strong 1, inability to
read after injury 1
a: no special abilities


You were on level 4 of the Dungeon.
You were a tree.
You visited 1 branch of the dungeon, and saw 4 of its levels.

You collected 247 gold pieces.
You spent 135 gold pieces at shops.

Inventory:

Hand Weapons
 a - a +0 mace (weapon)
 o - a +0 spear
Armour
 b - a +0 leather armour (melded)
 i - a +1 pair of gloves (melded)
 r - a +0 buckler of poison resistance (worn)
Magical Staves
 c - a staff of cold
Jewellery
 f - an amulet of guardian spirit (around neck)
 k - a ring of ice
Wands
 l - a wand of polymorph (7)
Scrolls
 g - a scroll of silence
 j - a scroll of enchant weapon


   Skills:
 + Level 5.0 Fighting
 + Level 2.0 Short Blades
 + Level 2.0 Long Blades
 + Level 2.0 Axes
 + Level 6.8 Maces & Flails
 + Level 2.0 Polearms
 + Level 2.0 Staves
 + Level 2.0 Ranged Weapons
 + Level 2.0 Throwing
 + Level 2.0 Armour
 + Level 5.0 Dodging
 + Level 2.0 Stealth
 + Level 2.0 Shields
 + Level 2.0 Unarmed Combat
 + Level 5.4 Spellcasting
 + Level 5.7 Conjurations
 + Level 1.6 Hexes
 + Level 1.6 Summonings
 + Level 1.6 Necromancy
 + Level 1.6 Translocations
 + Level 1.6 Transmutations
 + Level 1.6 Fire Magic
 + Level 1.6 Ice Magic
 + Level 1.6 Air Magic
 + Level 1.6 Earth Magic
 + Level 1.6 Poison Magic
 + Level 2.2 Invocations
 + Level 2.0 Evocations


You had 12 spell levels left.
You knew the following spells:

 Your Spells              Type           Power      Damage    Failure   Level
a - Kiss of Death         Conj/Necr      44%        2d8       6%          1
b - Momentum Strike       Conj/Tloc      22%        3d8       9%          2

Your spell library contained the following spells:

 Spells                   Type           Power      Damage    Failure   Level
 Hailstorm                Conj/Ice       11%        3d5       19%         3


Dungeon Overview and Level Annotations

Branches:
Dungeon (4/15)
 Temple: D:4-7

Altars:

Shops:
D:3 [

Annotations:
D:4 Ijyb


Innate Abilities, Weirdness & Mutations

You are a tree.
Your roots penetrate the ground, keeping you stationary.
You cannot be teleported.
You are immune to unholy pain and torment.
Your maximum health is greatly increased.
Your equipment is partially melded.
((You have very sharp teeth.))
Your uncanny sense of smell can sniff out nearby items.
Your experience applies equally to all skills.
((You are partially covered in iridescent scales. (AC +2)))
You are dopey. (Int -2)
Your muscles are strong. (Str +4, Int/Dex -1)
You occasionally lose the ability to read scrolls when taking damage.


Message History

The fiery explosion engulfs the goblin!!
The fiery explosion engulfs the goblin!!!
The goblin explodes!
The fiery explosion engulfs the goblin!!! x2
The goblin explodes! x3
The fiery explosion engulfs you!!
* * * LOW HITPOINT WARNING * * *
It was a potion of lignification.
You turn into a tree.
Your +1 pair of gloves melds into your body.
Your +0 leather armour melds into your body.
Your roots penetrate the ground.
You are engulfed in blazing flames.
It was a potion of heal wounds.
You feel much better.
You are engulfed in blazing flames.
The orc throws a boomerang.
The boomerang hits you but does no damage.
You are engulfed in blazing flames.
You are engulfed in blazing flames.
* * * LOW HITPOINT WARNING * * *
Okay, then.
Casting: Kiss of Death (safe; 5% risk of failure)
Confirm with . or Enter, or press ? or * to list all spells.
You don't have enough magic to cast this spell.
Okay, then.
It was a potion of magic.
Magic courses through your body.
You are engulfed in blazing flames.
* * * LOW HITPOINT WARNING * * *
It was a potion of mutation.
You feel extremely strange.
You feel stupid.
You occasionally lose the ability to read scrolls when taking damage.
You feel stronger.
Iridescent scales grow over part of your body.
You are engulfed in blazing flames.
* * * LOW HITPOINT WARNING * * *
Okay, then.
Casting: Kiss of Death (safe; 6% risk of failure)
Confirm with . or Enter, or press ? or * to list all spells.
Okay, then.
Unknown command.
You are engulfed in blazing flames.
You feel threatened and lose the ability to read scrolls!
You die...

*,,, #########*** *,**
#..8.8.8.8,* *,*
#$.......,,* *,*
#........,∆****,*
#gg......,,*,,,,*
#☼○§§§...,∆*******
#§☼§§§g..,,*,,,,,,
#♣)8○8.8.8,*******
############§##########*
#..........#os.s.......*
#.########.#.####o####.*****
#.# *#.....# *,..,,,,,,,*
#.# ##.#..#.##**,,o#*,***,*
#.# #.###........o...,,,,,**
#.#
###.#..#........,o.**,,,,
#.#
#.........#####.**.**,***


You could see Ijyb (inner flame), a scorpion, an orc (inner flame) and 2
goblins.

Vanquished Creatures
  Sigmund (D:2)
  3 gnolls
  4 adders
  2 worms (D:2)
  2 dart slugs
  2 orcs (D:4)
  2 ball pythons
  4 endoplasms
  3 giant cockroaches
  12 goblins
  3 hobgoblins
  3 quokkas
  5 bats
  2 frilled lizards
  5 kobolds
  3 rats
56 creatures vanquished.

Notes
Turn   | Place    | Note
-------+----------+-------------------------------------------
     0 | D:1      | bearlyready the Gnoll Reaver began the quest for the Orb.
     0 | D:1      | Reached XP level 1. HP: 20/20 MP: 6/6
   416 | D:1      | Reached XP level 2. HP: 26/26 MP: 7/7
   512 | D:1      | Learned a level 2 spell: Momentum Strike
   789 | D:2      | Reached skill level 5 in Spellcasting
   789 | D:2      | Reached XP level 3. HP: 20/31 MP: 6/9
   794 | D:2      | Reached skill level 1 in Invocations
   841 | D:2      | Reached skill level 1 in Short Blades
   841 | D:2      | Reached skill level 1 in Long Blades
   841 | D:2      | Reached skill level 1 in Axes
   841 | D:2      | Reached skill level 1 in Polearms
   841 | D:2      | Reached skill level 1 in Staves
   841 | D:2      | Reached skill level 1 in Ranged Weapons
   841 | D:2      | Reached skill level 1 in Throwing
   841 | D:2      | Reached skill level 1 in Armour
   841 | D:2      | Reached skill level 1 in Stealth
   841 | D:2      | Reached skill level 1 in Shields
   841 | D:2      | Reached skill level 1 in Unarmed Combat
   841 | D:2      | Reached skill level 1 in Evocations
   863 | D:2      | Noticed Sigmund
   884 | D:2      | Killed Sigmund
   885 | D:2      | Reached skill level 1 in Hexes
   885 | D:2      | Reached skill level 1 in Summonings
   885 | D:2      | Reached skill level 1 in Necromancy
   885 | D:2      | Reached skill level 1 in Translocations
   885 | D:2      | Reached skill level 1 in Transmutations
   885 | D:2      | Reached skill level 1 in Fire Magic
   885 | D:2      | Reached skill level 1 in Ice Magic
   885 | D:2      | Reached skill level 1 in Air Magic
   885 | D:2      | Reached skill level 1 in Earth Magic
   885 | D:2      | Reached skill level 1 in Poison Magic
   885 | D:2      | Reached XP level 4. HP: 24/38 MP: 7/11
   885 | D:2      | Reached XP level 5. HP: 28/43 MP: 7/12
  1135 | D:2      | Reached XP level 6. HP: 50/50 MP: 13/13
  1396 | D:3      | Reached skill level 5 in Fighting
  1396 | D:3      | Reached skill level 5 in Dodging
  1573 | D:3      | Found Xymean's Antique Armour Emporium.
  1636 | D:3      | Bought a runed buckler for 135 gold pieces
  1771 | D:4      | Noticed Ijyb
  1780 | D:4      | Gained mutation: You are dopey. (Int -2) [potion of
                  | mutation]
  1780 | D:4      | Gained mutation: You occasionally lose the ability to read
                  | scrolls when taking damage. [potion of mutation]
  1780 | D:4      | Gained mutation: Your muscles are strong. (Str +4, Int/Dex
                  | -1) [potion of mutation]
  1780 | D:4      | Gained mutation: You are partially covered in iridescent
                  | scales. (AC +2) [potion of mutation]
  1781 | D:4      | Engulfed by a cloud of flame

Illustrated notes

Levels and vault maps discovered:
D:1:      dpeg_arrival_chambers_temple_mockup, layout_basic,
          dreamdust_wishing_well
D:2:      layout_rooms, uniq_sigmund
D:3:      layout_basic, overflow_temple_1_default, serial_shops, shop
D:4:      kennysheep_the_goblin_king, layout_loops_ring, gup_sewer_entry_bowl

Skill      XL: |  1  2  3  4  5  6 |
---------------+-------------------+-----
Spellcasting   | 5 |  5.4
Invocations    | 2 |  2.2
Short Blades   | 1 2 |  2.0
Long Blades    | 1 2 |  2.0
Axes           | 1 2 |  2.0
Polearms       | 1 2 |  2.0
Staves         | 1 2 |  2.0
Ranged Weapons | 1 2 |  2.0
Throwing       | 1 2 |  2.0
Armour         | 1 2 |  2.0
Stealth        | 1 2 |  2.0
Shields        | 1 2 |  2.0
Unarmed Combat | 1 2 |  2.0
Evocations     | 1 2 |  2.0
Hexes          | 1 |  1.6
Summonings     | 1 |  1.6
Necromancy     | 1 |  1.6
Translocations | 1 |  1.6
Transmutations | 1 |  1.6
Fire Magic     | 1 |  1.6
Ice Magic      | 1 |  1.6
Air Magic      | 1 |  1.6
Earth Magic    | 1 |  1.6
Poison Magic   | 1 |  1.6
Fighting       | 5 |  5.0
Dodging        | 5 |  5.0
Maces & Flails | |  6.8
Conjurations   | |  5.7

Action                     |  1- 3 |  4- 6 || total
---------------------------+-------+-------++-------
  Melee: Mace              |    93 |    99 ||   192
         Bite              |     6 |    13 ||    19
         Spear             |       |    11 ||    11
         Punch             |       |     3 ||     3
   Cast: Kiss of Death     |     3 |       ||     3
    Use: Scroll            |     1 |     4 ||     5
         Potion            |       |     4 ||     4
   Stab: Sleeping          |       |     1 ||     1
 Armour: Leather armour    |    26 |    28 ||    54
         Skin              |       |     3 ||     3
  Dodge: Dodged            |    79 |    66 ||   145
  Block: Buckler           |       |     7 ||     7
